 Dungeon Crawl Stone Soup version 0.18-a0-1497-g788d838 (webtiles) character file.

42 GrosslyIncandescent the Insei (level 3, 0/29 HPs)
             Began as a Mummy Monk on Mar 4, 2016.
             Slain by a worm (10 damage)
             ... on level 2 of the Dungeon.
             The game lasted 00:01:58 (2019 turns).

GrosslyIncandescent the Insei (Mummy Monk)          Turns: 2019, Time: 00:01:58

Health: 0/29       AC:  0    Str: 14    XL:     3   Next: 33%
Magic:  3/3        EV: 13    Int:  9    God:
Gold:   50         SH:  0    Dex: 15    Spells: 0 memorised, 2 levels left

rFire  . . .     SeeInvis .       - Unarmed
rCold  + + .     Gourm    .     (no armour)
rNeg   + + +     Faith    .     (no shield)
rPois  ∞         Spirit   .     (no helmet)
rElec  .         Dismiss  .     (no cloak)
rCorr  .         Reflect  .     (no gloves)
SustAt .         Harm     .     (no boots)
MR     .....                    (no amulet)
Stlth  ++........               d - ring of protection from cold
                                c - ring of protection from fire

@: not resistant to hostile enchantments, unstealthy
A: no food or potions, fire vulnerability, cold resistance 1, negative energy
resistance 3, torment resistance, unbreathing
a: no special abilities


You were on level 2 of the Dungeon.
You were not hungry.

You visited 1 branch of the dungeon, and saw 2 of its levels.

You collected 50 gold pieces.


Innate Abilities, Weirdness & Mutations

You do not eat or drink.
Your flesh is vulnerable to fire.
You are immune to poison.
Your flesh is cold resistant.
You are immune to negative energy.
You are immune to unholy pain and torment.
You can survive without breathing.


   Skills:
 - Level 3.0 Fighting
 - Level 2.4 Dodging
 - Level 1.5 Stealth
 + Level 4.2 Unarmed Combat


You had 2 spell levels left.
You didn't know any spells.

Inventory:

Jewellery
 c - a ring of protection from fire (left hand)
 d - a ring of protection from cold (right hand)
Scrolls
 a - a scroll of magic mapping {unknown}
 b - a scroll of identify {unknown}
 e - a scroll of immolation {unknown}
 f - a scroll of random uselessness {unknown}

Dungeon Overview and Level Annotations

Branches:
Dungeon (2/15)

Altars:

.........
▒▒▒▒▒.▒.▒▒.....▒.▒.(..
▒.▒▒▒▒▒▒▒
▒.▒▒▒▒.....▒.▒.▒▒▒ ▒.▒
▒▒'▒▒ ▒.....▒......
▒.▒
▒...▒▒▒.....▒▒▒.▒▒▒
... ▒....▒▒.....▒ ▒.▒
... ▒....▒▒.....▒▒▒.▒
.... ▒▒...▒▒...<.'...▒
...
.▒▒▒▒▒▒...▒▒.....▒▒▒▒▒
.......M...▒▒▒▒▒▒▒
.......w.>.▒
...........▒
...........▒
...........▒
...........▒
...........▒
▒▒▒▒▒▒▒▒▒.▒▒


You could see a worm.


Message History

The worm is lightly wounded!
The worm barely misses you!
You pound the worm into fine dust!
The worm is lightly wounded!
You pulverise the worm!
The worm is moderately wounded!
The worm bites you!!!
You are too injured to fight recklessly!!!
You are too injured to fight recklessly!!!
You are too injured to fight recklessly!!!
You are too injured to fight recklessly!!!
You are too injured to fight recklessly!!!
You are too injured to fight recklessly!!!
You are too injured to fight recklessly!!!
You are too injured to fight recklessly!!!
You pound the worm into fine dust!
The worm is moderately wounded!
You barely miss the worm!
The worm is moderately wounded!
The worm bites you!!! * * * don't die
* * * You squash the worm like an ant!
The worm is heavily wounded!
You barely miss the worm!
The worm is heavily wounded!
The worm closely misses you!
You pummel the worm but do no damage!
The worm is heavily wounded!
The worm bites you!!! rip

Action                   || total
-------------------------++-------
Melee: Unarmed           ||   134
 Stab: Sleeping          ||     2

Vault maps used:
D:1:      minmay_arrival_glassed_features

Notes
Turn   | Place    | Note
--------------------------------------------------------------
     0 | D:1      | GrosslyIncandescent the Mummy Monk began the quest for the Orb.
     0 | D:1      | Reached XP level 1. HP: 18/18 MP: 1/1
   399 | D:1      | Reached XP level 2. HP: 20/24 MP: 2/2
   972 | D:1      | Reached skill level 4 in Unarmed Combat
  1323 | D:1      | Reached XP level 3. HP: 29/29 MP: 3/3
  1431 | D:2      | HP: 2/29 [adder (3)]
  2019 | D:2      | Slain by a worm

Vanquished Creatures
  An adder (D:2)
  An ooze (D:1)
  A giant gecko (D:1)
  A giant cockroach (D:1)
  3 goblins (D:1)
  3 hobgoblins
  6 kobolds
  A quokka (D:2)
  A ball python (D:1)
  4 bats (D:1)
  A giant newt (D:1)
  9 rats
32 creatures vanquished.
